cohdb
Replays
Latest Replays
All Replays
Popular Replays
Top Player Replays
Match Explorer
How It Works
Community
CoH3 Stats
Reddit
Sign in to upload your games and track your stats! →
Sign in with Steam
Match 26081663
Unlisted
Match 26081663
Overview
Messages
Build Orders
End
Construct Section Command Post
Vickers Machine Gun Team
Infantry Section
Dingo Light Scout Car
Infantry Section
Construct Platoon Command Post
Humber Armored Car
Royal Engineer Section
Selects Heavy Armor Battlegroup
Selects Light Vehicle Withdraw and Refit
Light Vehicle Withdraw and Refit
Humber Armored Car
Selects Rigorous Vehicle Training
Selects Radio Net
Radio Net
Humber Armored Car
周子鹤
Wrathment
0
0
Comments
sign in to comment!
No comments posted yet!